 Dungeon Crawl Stone Soup version 0.31.0-9-g3a7656b989 (webtiles) character file.

Game seed: 477705203930648440

83 dialectric the Charlatan (level 4, 0/36 HPs)
             Began as a Minotaur Artificer on Jan 25, 2024.
             Was a Follower of Dithmenos.
             Slain by a scorpion (5 damage)
             ... on level 4 of the Dungeon.
             The game lasted 00:02:52 (2641 turns).

dialectric the Charlatan (Minotaur Artificer)       Turns: 2641, Time: 00:02:53

Health: 0/36       AC:  4    Str: 19    XL:     4   Next: 22%
Magic:  3/3        EV: 12    Int:  8    God:    Dithmenos [*.....]
Gold:   118        SH:  0    Dex: 10    Spells: 3/3 levels left

rFire   + . .        g - +0 short sword
rCold   + . .        (no shield)
rNeg    . . .        b - +0 leather armour
rPois   +            (helmet restricted)
rElec   +            p - +0 cloak
rCorr   +            (no gloves)
SInv    .            (no boots)
Will    +....        (no amulet)
Stlth   +            (no ring)
HPRegen 0.26/turn    (no ring)
MPRegen 0.08/turn

%: no passive effects
@: lethally poisoned (0 -> -4), resistant, enlightened, flying, wreathed by
umbra
A: horns 2, retaliatory headbutt
a: Renounce Religion


You were on level 4 of the Dungeon.
You worshipped Dithmenos.
Dithmenos was aware of your devotion.
You visited 1 branch of the dungeon, and saw 4 of its levels.

You collected 118 gold pieces.

Inventory:

Hand Weapons
 a - a +0 club
 g - a +0 short sword (weapon)
 n - a +0 long sword
 u - a +0 mace
Missiles
 w - 4 darts of dispersal
Armour
 b - a +0 leather armour (worn)
 p - a +0 cloak (worn)
Wands
 c - a wand of flame (15) (quivered)
 d - a wand of charming (15)
 e - a wand of iceblast (5)
Scrolls
 f - 3 scrolls of teleportation {unknown}
 h - a scroll of silence {unknown}
 k - 3 scrolls of identify {unknown}
 l - a scroll of butterflies {unknown}
 o - 2 scrolls of vulnerability {unknown}
 q - a scroll of poison {unknown}
 s - a scroll of fog {unknown}
 v - a scroll of fear {unknown}
Potions
 i - a potion of lignification {unknown}
 m - a potion of enlightenment
 r - a potion of mutation {unknown}
 t - a potion of berserk rage {unknown}
 x - a potion of heal wounds {unknown}


   Skills:
 + Level 2.2 Fighting
 + Level 0.8 Short Blades
 + Level 0.2 Maces & Flails
 - Level 3.0 Armour
 * Level 2.3 Dodging
 - Level 1.0 Stealth
 + Level 3.4 Evocations


You had 3 spell levels left.
You didn't know any spells.
Your spell library contained the following spells:

 Spells                   Type           Power      Damage    Failure   Level
 Fugue of the Fallen      Necr           0%         N/A       83%         3
 Ozocubu's Armour         Ice            0%         N/A       83%         3
 Brom's Barrelling Bould  Conj/Erth      0%         2d3       99%         4
 Manifold Assault         Tloc           0%         N/A       99%         4
 Fireball                 Conj/Fire      0%         3d3       100%        5
 Iskenderun's Battlesphe  Conj           0%         2d6       100%        5
 Conjure Ball Lightning   Conj/Air       0%         3x3d6     100%        6
 Orb of Destruction       Conj           0%         9d5       100%        7


Dungeon Overview and Level Annotations

Branches:
Dungeon (4/15)
 Temple: D:4-7

Altars:
Dithmenos
Vehumet
The Shining One

Portals:
Ossuary: D:4

Annotations:
D:2 1 runed translucent door, Crazy Yiuf
D:3 3 runed translucent doors, SheepSpotted's ghost, amateur DrSh; insertapun's ghost, weakling DrSu


Innate Abilities, Weirdness & Mutations

You have a pair of horns on your head.
You reflexively headbutt those who attack you in melee.


Message History

Found a stone staircase leading down.
There is a sand-covered staircase here.
An endoplasm comes into view.
A scorpion comes into view.
Found 6 stones.
You see here a scroll labelled BIGOUN TORUS.
o - 2 scrolls labelled BIGOUN TORUS (gained 1)
Found 10 gold pieces.
The scorpion stings you!
You are poisoned.
The scorpion poisons you!
You hit the scorpion.
The scorpion is lightly wounded.
You feel very sick. The scorpion stings you.
You are more poisoned.
The scorpion poisons you! The scorpion stings you.
Unknown command.
You feel very sick.
The endoplasm quivers.
The scorpion attacks as it pursues you!
The scorpion stings you but does no damage.
* * * LOW HITPOINT WARNING * * *
You feel very sick.
The endoplasm attacks as it pursues you!
The endoplasm hits you but does no damage.
The scorpion attacks as it pursues you! The scorpion barely misses you.
* * * LOW HITPOINT WARNING * * *
You feel very sick.
It was a potion of enlightenment.
You feel very buoyant.
You fly up into the air.
* * * LOW HITPOINT WARNING * * *
You feel sick. The endoplasm closely misses you.
The scorpion barely misses you. You furiously retaliate!
You headbutt the scorpion.
It was a potion of resistance.
You feel protected.
* * * LOW HITPOINT WARNING * * *
You feel sick. The scorpion closely misses you.
The endoplasm barely misses you. The scorpion stings you.
You die...

......# ... ..)...# ..>...#
......# #.......# ......#
###.......# ......###
#####.........#
........###.....#.......#
......#..#...∩..##....# ##
......##........##....##...
......#######...@J.......(.
.###### #.###s......### .
#..# ##.........
#..##........####
#.......####..# ..##...#
...$ ......## #.. ..## . .


You could see a scorpion and an endoplasm.

Vanquished Creatures
  3 adders
  A ribbon worm zombie (D:4)
  An orc (D:3)
  4 ball pythons
  6 endoplasms
  3 giant cockroaches
  6 goblins
  3 hobgoblins
  2 bats
  2 frilled lizards
  2 goblin zombies (D:4)
  12 kobolds
  3 rats
48 creatures vanquished.

Notes
Turn   | Place    | Note
-------+----------+-------------------------------------------
     0 | D:1      | dialectric the Minotaur Artificer began the quest for the
                  | Orb.
     0 | D:1      | Reached XP level 1. HP: 16/16 MP: 0/0
   184 | D:1      | Reached XP level 2. HP: 10/23 MP: 1/1
   267 | D:1      | Reached skill level 1 in Stealth
   962 | D:2      | Reached XP level 3. HP: 17/28 MP: 2/2
  1661 | D:2      | Found a runed translucent door.
  1662 | D:2      | Noticed Crazy Yiuf
  2022 | D:3      | Found a runed translucent gate.
  2022 | D:3      | Found a runed translucent gate.
  2024 | D:3      | Found a runed translucent gate.
  2025 | D:3      | Noticed insertapun's ghost (weakling DrSu)
  2026 | D:3      | Noticed SheepSpotted's ghost (amateur DrSh)
  2077 | D:3      | Found a faded altar of an unknown god.
  2149 | D:3      | Prayed at the altar of an unknown god.
  2149 | D:3      | Became a worshipper of Dithmenos the Shadowed
  2149 | D:3      | Reached * piety under Dithmenos
  2178 | D:3      | Found a glowing golden altar of the Shining One.
  2231 | D:3      | Found a radiant altar of Vehumet.
  2253 | D:3      | Reached XP level 4. HP: 16/36 MP: 3/3
  2614 | D:4      | Found a sand-covered staircase.
  2631 | D:4      | Noticed a scorpion
  2641 | D:4      | Slain by a scorpion

Illustrated notes

Levels and vault maps discovered:
D:1:      grunt_arrival_lava_bath, layout_rooms
D:2:      layout_basic, minmay_misc_feat_plants, minmay_goblin_kobold_house,
          uniq_crazy_yiuf_cottage
D:3:      layout_basic, tso_altar, mainiacjoe_overflow_alcove_1,
          gammafunk_ghost_cemetery, chequers_ecumenical_altar_grove,
          minmay_misc_feat_columns, minivault_14, item_on_display_a
D:4:      layout_rooms, mainiacjoe_overflow_surrounded_room, old_standard_altar,
          enter_ossuary_3, chequers_serial_rivers_marsh

Skill      XL: |  1  2  3 |
---------------+----------+-----
Evocations     | 3 |  3.4
Stealth        | 1 |  1.0
Armour         | 3 |  3.0
Fighting       | 2 |  2.2
Dodging        | 2 |  2.3
Short Blades   | |  0.8
Maces & Flails | |  0.2

Action                     |  1- 3 |  4- 6 || total
---------------------------+-------+-------++-------
  Melee: Club              |    17 |       ||    17
         Short sword       |   102 |    10 ||   112
         Headbutt          |    19 |     2 ||    21
         Punch             |     1 |       ||     1
    Use: Potion            |       |     2 ||     2
   Stab: Sleeping          |     1 |       ||     1
 Armour: Leather armour    |    76 |    12 ||    88
  Dodge: Dodged            |    81 |    11 ||    92
